 Dungeon Crawl Stone Soup version 0.17-a0-1078-g243345b (webtiles) character file.

6545 kroki the Basher (level 11, -1/69 HPs)
             Began as a Kobold Fighter on May 19, 2015.
             Was a Priest of Trog.
             Killed from afar by a molten gargoyle (19 damage)
             ... with a bolt of magma
             ... in a volcano.
             The game lasted 00:21:07 (7116 turns).

kroki the Basher (Kobold Fighter)                   Turns: 7116, Time: 00:21:07

Health: -1/69      AC: 15    Str: 20    XL:     11   Next: 20%
Magic:  11/11      EV: 21    Int:  8    God:    Trog [***...]
Gold:   442        SH: 12    Dex: 29    Spells: 0 memorised, 10 levels left

rFire  . . .     SeeInvis +     L - +1 flail (drain)
rCold  . . .     Clarity  .     b - +1 scale mail
rNeg   . . .     SustAb   .     c - +0 shield
rPois  .         Gourm    .     l - +2 helmet
rElec  .         Spirit   .     i - +0 cloak
rCorr  .         Warding  .     m - +1 pair of gloves "Keusunil" {Int+2 SInv}
rMut   .         Stasis   .     (no boots)
MR     .....                    z - amulet of rage
Stlth  ++........               M - +2 ring of evasion
                                p - +5 ring of dexterity

@: mighty, agile, exhausted, not resistant to hostile enchantments, unstealthy
A: carnivore 3
a: Burn Spellbooks, Berserk, Trog's Hand, Renounce Religion, Evoke Berserk Rage


You were in a volcano.
You worshipped Trog.
Trog was most pleased with you.
You were very full.

You visited 3 branches of the dungeon, and saw 11 of its levels.
You also visited: Volcano.

You collected 536 gold pieces.
You spent 94 gold pieces at shops.

Inventory:

Hand weapons
 s - a +0 blowgun
   (You took it off a kobold on level 3 of the Dungeon)
 L - a +1 flail of draining (weapon)
   (You bought it in a shop on level 7 of the Dungeon)
Missiles
 w - 59 poisoned needles
 y - 8 curare-tipped needles
Armour
 b - a +1 scale mail (worn)
 c - a +0 shield (worn)
 i - a +0 cloak (worn)
   (You found it on level 3 of the Dungeon)
 l - a +2 helmet (worn)
   (You took it off Robin on level 4 of the Dungeon)
 m - the +1 pair of gloves "Keusunil" (worn) {Int+2 SInv}
   (You found it on level 4 of the Dungeon)

   It affects your intelligence (+2).
   It lets you see invisible.
Jewellery
 p - a +5 ring of dexterity (left hand)
   (You found it on level 2 of the Dungeon)
 t - an uncursed amulet of warding
   (You found it on level 3 of the Dungeon)
 u - an uncursed amulet of resist corrosion
   (You found it on level 3 of the Dungeon)
 v - an uncursed ring of poison resistance
   (You found it on level 3 of the Dungeon)
 z - an amulet of rage (around neck)
   (You found it on level 7 of the Dungeon)
 M - a +2 ring of evasion (right hand)
   (You found it on level 8 of the Dungeon)
Magical devices
 g - a wand of flame (24)
   (You found it on level 8 of the Dungeon)
 h - a wand of enslavement (14)
   (You found it on level 7 of the Dungeon)
 F - a wand of flame (14)
   (You found it on level 4 of the Dungeon)
Scrolls
 a - a scroll of identify
 k - 3 scrolls of magic mapping
 A - a scroll of remove curse
 C - 5 scrolls of amnesia
 E - 2 scrolls of teleportation
 G - 5 scrolls of enchant weapon
Potions
 d - a potion of might
 j - a potion of cure mutation
 o - a potion of poison
 r - 3 potions of brilliance
 x - 4 potions of invisibility {unknown}
 B - 6 potions of curing {unknown}
 D - 2 potions of flight {unknown}
 J - 2 potions of cancellation {unknown}
 N - a potion of beneficial mutation {unknown}
 P - a potion of degeneration {unknown}
 Q - a potion of magic {unknown}
Books
 O - a book of Battle
   (You found it on level 8 of the Dungeon)

   Spells                             Type                      Level
   a - Infusion                       Charms                       1
   b - Shroud of Golubria             Charms/Translocation         2
   c - Song of Slaying                Charms                       2
   d - Spectral Weapon                Hexes/Charms                 3
   e - Regeneration                   Charms/Necromancy            3
   Trog disapproves of the use of such an item.
Comestibles
 e - 2 meat rations
 n - 8 beef jerkies
 H - 9 slices of pizza
 K - a royal jelly


   Skills:
 + Level 8.8 Fighting
 + Level 12.0 Maces & Flails
 - Level 5.5 Armour
 + Level 4.4 Dodging
 + Level 4.1 Shields


You had 10 spell levels left.
You didn't know any spells.

Dungeon Overview and Level Annotations

Branches:
Dungeon (8/15)             Temple (1/1) D:6            Lair (2/8) D:8

Altars:
Ashenzari
Cheibriados
Dithmenos
Elyvilon
Fedhas
Gozag
Makhleb
Nemelex Xobeh
Okawaru
Qazlal
Ru
Sif Muna
Trog
Vehumet
Xom
Yredelemnul
Zin

Shops:
D:7 =((==

Annotations:
D:7 JetFlynn's ghost, experienced DDFi


Innate Abilities, Weirdness & Mutations

You are small and have problems with some larger weapons.
You are carnivorous and can eat meat at any time.


Message History

The mottled dragon claws you but does no damage.
Found a dire flail of flaming.
There is an open door here.
Use which ability? (? or * to list)
A red film seems to cover your vision as you go berserk!
You feel yourself moving faster!
You feel mighty!
You feel quite a bit less full. You block the mottled dragon's attack.
The mottled dragon closely misses you.
You completely miss the mottled dragon. You sock the mottled dragon!
The mottled dragon is moderately wounded.
The mottled dragon breathes sticky fire at you.
The sticky flame misses you.
You hear a roar!
You hear an angry hiss.
You hear an angry hiss.
You hit the mottled dragon. You drain the mottled dragon!
The mottled dragon is severely wounded.
You sock the mottled dragon!
You kill the mottled dragon!
Trog accepts your kill.
Found a battleaxe.
You feel a strong urge to attack something.
There is a fountain of clear blue water here.
You feel your anger subside.
You are no longer berserk.
You are exhausted.
You feel yourself slow down.
You start resting.
A mottled dragon comes into view.
Found a fuming green potion and 31 gold pieces.
A lindwurm comes into view.
A mottled dragon comes into view.
The lindwurm roars!
Found a robe of fire resistance.
Unknown command.
You see here 14 gold pieces.
You see here 21 gold pieces.
You see here 16 gold pieces.
You now have 421 gold pieces (gained 16).
You see here 21 gold pieces.
You now have 442 gold pieces (gained 21).
Evoke which item? (* to show all) (? for menu, Esc to quit)
Okay, then.
You feel yourself speed up.
The molten gargoyle blasts magma at you!
The bolt of magma hits you!
You hit the molten gargoyle but do no damage.
You block the molten gargoyle's attack.
You hit the molten gargoyle but do no damage.
You closely miss the molten gargoyle.
The molten gargoyle blasts magma at you!
The bolt of magma hits you!
* * * LOW HITPOINT WARNING * * *
Drink which item? (? for menu, Esc to quit)
You feel very mighty all of a sudden.
The molten gargoyle blasts magma at you!
The bolt of magma hits you!
Drink which item? (? for menu, Esc to quit)
You feel agile all of a sudden. You block the molten gargoyle's attack.
You sock the molten gargoyle!
The molten gargoyle is moderately damaged.
The molten gargoyle blasts magma at you!
The bolt of magma hits you!
You die...

##### ##..$##
#..8@.# #
#..9..##.#
#.....8D)# #####
#..}..#D$#
....####
##...##[$#
~.~....####
##'### '#
~~0~.0...8###...#
.#
~~00~.......'.\.+
.
~~0000...8###...#
##


You could see a molten gargoyle and 2 mottled dragons.

Vanquished Creatures
  The ghost of asdu the Slicer, an experienced VSBe of Trog (D:8)
  Maurice (D:8)
  A fire drake (D:8)
  6 yaks
  Eustachio (D:4)
  A human (D:8)
  A fire bat (Volcano)
  A mottled dragon (Volcano)
  4 wolves (Lair:1)
  5 porcupines (Lair:1)
  A sky beast (D:7)
  A water moccasin (Lair:1)
  3 centaurs
  2 ice beasts
  An orc warrior (D:6)
  3 ogres
  2 crocodiles (Lair:1)
  A big kobold (D:7)
  4 giant frogs
  2 scorpions
  A water moccasin skeleton (D:6)
  5 wights (D:7)
  4 crimson imps
  3 orc priests
  2 lava snakes (Volcano)
  A centaur zombie (D:6)
  3 iguanas
  A quasit (D:7)
  6 orc wizards
  A jelly (D:7)
  A killer bee zombie (D:7)
  8 worker ants
  4 sheep (D:8)
  A worker ant zombie (D:4)
  8 gnolls
  Robin (D:4)
  5 river rats (Lair:1)
  12 adders
  A shadow imp (D:6)
  An ooze (D:4)
  An adder skeleton (D:8)
  2 worms (D:2)
  5 giant geckos
  18 orcs
  13 bats
  A bat skeleton (D:4)
  5 giant cockroaches
  2 gnoll zombies (D:2)
  27 goblins
  17 hobgoblins
  5 jackals
  2 quokkas
  A ball python (D:6)
  A ball python zombie (D:4)
  A giant gecko zombie (D:8)
  14 giant newts
  A jackal skeleton (D:4)
  A jackal zombie (D:8)
  17 kobolds
  16 rats
261 creatures vanquished.

Notes
Turn   | Place    | Note
--------------------------------------------------------------
     0 | D:1      | kroki the Kobold Fighter began the quest for the Orb.
     0 | D:1      | Reached XP level 1. HP: 14/14 MP: 1/1
   369 | D:1      | Reached XP level 2. HP: 17/19 MP: 2/2
   547 | D:1      | Found a shattered altar of Ashenzari.
   568 | D:1      | Reached skill level 3 in Maces & Flails
   915 | D:2      | Reached XP level 3. HP: 23/23 MP: 3/3
  1315 | D:2      | Found a basalt altar of Yredelemnul.
  1670 | D:3      | Reached skill level 4 in Maces & Flails
  1670 | D:3      | Reached XP level 4. HP: 20/28 MP: 4/4
  1878 | D:3      | Noticed an ice beast
  1880 | D:3      | Found a burning altar of Makhleb.
  1892 | D:3      | Killed an ice beast
  1892 | D:3      | Reached skill level 5 in Maces & Flails
  1892 | D:3      | Reached XP level 5. HP: 29/32 MP: 5/5
  1899 | D:3      | Found a stormy altar of Qazlal.
  1901 | D:3      | Found a white marble altar of Elyvilon.
  1956 | D:3      | Reached XP level 6. HP: 21/37 MP: 6/6
  2196 | D:4      | Noticed Eustachio
  2241 | D:4      | Killed Eustachio
  2241 | D:4      | Reached skill level 6 in Maces & Flails
  2284 | D:4      | Noticed Robin
  2320 | D:4      | Reached XP level 7. HP: 23/41 MP: 7/7
  2335 | D:4      | Killed Robin
  2335 | D:4      | Reached skill level 7 in Maces & Flails
  2379 | D:4      | Got a pair of smoking gloves
  2385 | D:4      | Identified the +1 pair of gloves "Keusunil" {Int+2 SInv} (You found it on level 4 of the Dungeon)
  2743 | D:4      | Reached skill level 8 in Maces & Flails
  2939 | D:4      | Reached XP level 8. HP: 32/46 MP: 8/8
  3029 | D:5      | Entered Level 5 of the Dungeon
  3097 | D:5      | Reached skill level 9 in Maces & Flails
  3471 | D:5      | Found a sparkling altar of Nemelex Xobeh.
  3706 | D:6      | Reached skill level 10 in Maces & Flails
  3716 | D:6      | Found a staircase to the Ecumenical Temple.
  3725 | Temple   | Entered the Ecumenical Temple
  3900 | D:6      | Found a shimmering altar of Xom.
  3936 | D:6      | Found a snail-covered altar of Cheibriados.
  3997 | D:6      | Found a bloodstained altar of Trog.
  3998 | D:6      | Found a radiant altar of Vehumet.
  4005 | D:6      | Became a worshipper of Trog the Wrathful
  4126 | D:6      | Reached XP level 9. HP: 36/52 MP: 9/9
  4174 | D:6      | Reached skill level 4 in Fighting
  4174 | D:6      | Reached skill level 3 in Armour
  4200 | D:6      | Found a sacrificial altar of Ru.
  4391 | D:7      | Noticed JetFlynn's ghost (experienced DDFi)
  4452 | D:7      | Reached skill level 5 in Fighting
  4693 | D:7      | Acquired Trog's first power
  4802 | D:7      | Found an opulent altar of Gozag.
  4903 | D:7      | Found Doellij's Jewellery Boutique.
  4918 | D:7      | Found Ostranko's Jewellery Shoppe.
  4936 | D:7      | Reached skill level 4 in Armour
  4985 | D:7      | Found Efaesap's Weapon Shop.
  5043 | D:7      | Found Ucvein's Antique Weapon Shoppe.
  5046 | D:7      | Bought a glowing flail for 94 gold pieces
  5314 | D:7      | Found Zoanihu's Jewellery Shoppe.
  5331 | D:8      | Found a staircase to the Lair.
  5331 | D:8      | Noticed a fire drake
  5331 | D:8      | Noticed Maurice
  5348 | D:8      | Reached skill level 6 in Fighting
  5369 | D:8      | Noticed asdu's ghost (experienced VSBe)
  5397 | D:8      | Killed asdu's ghost
  5397 | D:8      | Reached skill level 11 in Maces & Flails
  5397 | D:8      | Reached XP level 10. HP: 22/61 MP: 10/10
  5401 | D:8      | HP: 2/61 [orc priest/divine providence (15)]
  5493 | D:8      | Killed a fire drake
  5493 | D:8      | Reached skill level 7 in Fighting
  5493 | D:8      | Reached skill level 5 in Armour
  5523 | D:8      | Acquired Trog's second power
  5702 | D:8      | Killed Maurice
  6064 | Lair:1   | Entered Level 1 of the Lair of Beasts
  6166 | Lair:1   | Reached skill level 1 in Dodging
  6216 | Lair:1   | Reached skill level 2 in Dodging
  6265 | Lair:1   | Reached skill level 8 in Fighting
  6265 | Lair:1   | Reached skill level 3 in Shields
  6597 | Lair:1   | Reached skill level 3 in Dodging
  6625 | Lair:1   | Reached XP level 11. HP: 45/69 MP: 11/11
  6714 | Lair:1   | Reached skill level 4 in Dodging
  6715 | Lair:1   | Noticed an eight-headed hydra
  6767 | Lair:2   | Reached skill level 12 in Maces & Flails
  6820 | Lair:2   | Found a dark tunnel.
  6829 | Volcano  | Entered a volcano
  6855 | Volcano  | Reached skill level 4 in Shields
  7101 | Volcano  | Noticed a lindwurm
  7116 | Volcano  | Killed from afar by a molten gargoyle

Vault maps used:
D:1:      ncdulo_lavacross, minmay_door_square, evilmike_ruin_ashenzari
D:2:      lemuel_zombie_altar_yredelemnul, first_bread
D:3:      grunt_temple_overflow_open, grunt_decor_clamped
D:4:      minmay_opposing_rooms, uniq_robin, uniq_eustachio
D:5:      nicolae_overflow_hidden_temple
D:6:      kennysheep_mini_moat, gammafunk_temple_overflow_pools,
          nicolae_ru_the_path_less_chosen, minmay_temple_entry_hall,
          cheibriados_altar_1
D:7:      nicolae_overflow_crystal_walls, serial_shops, shop, kennysheep_mini,
          nicolae_shop_trees, shop_fountains, nicolae_shop_waterfront,
          kennysheep_windowed_goal
D:8:      minmay_lair_entry_lava, grunt_livestock, uniq_maurice
Temple:   temple_island_7
Lair:2:   nicolae_volcano_entry_two_sided
Volcano:  volcano_grotto

Action                   |  1- 3 |  4- 6 |  7- 9 | 10-12 || total
-------------------------+-------+-------+-------+-------++-------
Melee: Flail             |   145 |   145 |   559 |   288 ||  1137
       Dagger            |       |     6 |       |       ||     6
 Fire: Blowgun           |       |     5 |       |       ||     5
Invok: Berserk           |       |       |     3 |     6 ||     9
       Burn Spellbooks   |       |       |     1 |       ||     1
       Trog's Hand       |       |       |       |     1 ||     1
Evoke: Wand              |       |       |     7 |    10 ||    17
  Use: Scroll            |     7 |     4 |     6 |     5 ||    22
       Potion            |       |       |     7 |     4 ||    11
  Eat: Chunk             |     5 |     8 |    12 |    13 ||    38
